 Dungeon Crawl Stone Soup version 0.26-a0-712-ga5a9c9c9d0 (webtiles) character file.

Game seed: 8311985790633522669

(classic levelgen) 34496 EnegeticOcto the Severer (level 13, -5/118 HPs)
             Began as a Deep Dwarf Fighter on Nov 4, 2020.
             Was a High Priest of Makhleb.
             Shot with an arrow by a deep elf archer (7 damage)
             ... on level 15 of the Dungeon.
             The game lasted 00:08:16 (8673 turns).

EnegeticOcto the Severer (Deep Dwarf Fighter)       Turns: 8673, Time: 00:08:16

Health: -5/118     AC: 26    Str: 24    XL:     13   Next: 42%
Magic:  9/9        EV:  6    Int: 10    God:    Makhleb [*****.]
Gold:   655        SH: 12    Dex: 12    Spells: 12/12 levels left

rFire    . . .     SeeInvis .   l - +3 war axe (freeze)
rCold    . . .     Faith    .   c - +0 kite shield
rNeg     . . .     Spirit   .   x - +0 plate armour
rPois    .         Reflect  .   p - +2 helmet
rElec    .         Harm     .   w - +0 cloak
rCorr    .         Rampage  .   v - +2 pair of gloves
MR       +....                  A - +2 pair of boots
Stlth    ..........             z - amulet of the acrobat
HPRegen  0.00/turn              B - ring of flight
MPRegen  0.11/turn              (no ring)

@: non-regenerating, slowed, very slow
A: damage resistance, heal wounds, sense surroundings 2, no regeneration
a: Heal Wounds, Minor Destruction, Lesser Servant of Makhleb, Major Destruction,
Greater Servant of Makhleb, Renounce Religion, Evoke Flight


You were on level 15 of the Dungeon.
You worshipped Makhleb.
Makhleb was extremely pleased with you.
You visited 1 branch of the dungeon, and saw 15 of its levels.
You also visited: Ossuary.

You collected 1007 gold pieces.
You spent 352 gold pieces at shops.

Inventory:

Hand Weapons
 l - a +3 war axe of freezing (weapon)
 y - a +4 dagger of distortion
Armour
 c - a +0 kite shield (worn)
 p - a +2 helmet (worn)
 v - a +2 pair of gloves (worn)
 w - a +0 cloak (worn)
 x - a +0 plate armour (worn)
 A - a +2 pair of boots (worn)
Jewellery
 z - an amulet of the acrobat (around neck)
 B - a ring of flight (left hand)
 C - a +4 ring of protection {unknown}
Wands
 a - a wand of iceblast (13) {@v2}
 b - a wand of paralysis (6)
 D - a wand of disintegration (20)
Scrolls
 f - a scroll of silence
 g - 2 scrolls of teleportation {@r3}
 i - 7 scrolls of remove curse {@r2}
 j - 4 scrolls of magic mapping {@r5}
 n - 4 scrolls of blinking
 q - a scroll of immolation {@r4}
 E - 3 scrolls of identify {@r1}
Potions
 d - 4 potions of might {@q3}
 e - 3 potions of flight
 h - 5 potions of berserk rage
 k - 3 potions of heal wounds {@q2}
 m - 3 potions of curing {@q1}
 o - a potion of degeneration
 r - 3 potions of cancellation
 s - 2 potions of mutation
 t - 3 potions of haste {unknown}
 u - 5 potions of ambrosia {unknown}
Miscellaneous
 V - a condenser vane (2/2)


   Skills:
 + Level 8.5 Fighting
 - Level 16.0 Axes
 + Level 10.0 Armour
 + Level 9.9 Shields
 * Level 12.2 Invocations
 + Level 5.6 Evocations


You had 12 spell levels left.
You didn't know any spells.
Your spell library was empty.

Dungeon Overview and Level Annotations

Branches:
Dungeon (15/15)            Temple (0/1) D:5            Lair (0/6) D:8
    Orc (0/2) D:10        Ossuary (visited)
 Vaults: D:13-14     Depths: D:15

Altars:
Elyvilon
Fedhas
Makhleb
Yredelemnul
Beogh

Shops:
D:12 *

Annotations:
D:5 1 runed translucent door
D:6 exclusion: oklob plant


Innate Abilities, Weirdness & Mutations

You are resistant to damage.
You can heal yourself by infusing magical energy.
You passively map the area around you.
You do not regenerate.


Message History

The deep elf archer wields a +0 dagger.
You block the deep elf archer's attack.
Your magical essence is drained by the effort!
You feel much better.
The gargoyle hits you but does no damage.
The manticore bites your neqoxec!
The manticore closely misses your neqoxec. x2
The deep elf archer unwields a +0 shortbow.
The deep elf archer wields a +0 short sword.
The deep elf archer barely misses you.
Your neqoxec hits the manticore.
The ettin hits you but does no damage. x2
The deep elf archer points at you and mumbles some strange words.
You resist with almost no effort.
The manticore barely misses your neqoxec.
The manticore claws your neqoxec! x2
Your neqoxec dies!
The gargoyle hits you but does no damage.
Your shield and plate armour prevent you from hitting the ettin.
The ettin is severely wounded.
You slash the gargoyle! You freeze the gargoyle. You hit the manticore.
You freeze the manticore.
You hit the deep elf archer but do no damage.
You slash the deep elf archer! You freeze the deep elf archer.
You block the ettin's attack.
The ettin hits you with a +0 dire flail.
The deep elf archer hits you but does no damage.
You block the deep elf archer's attack.
The manticore bites you but does no damage.
The manticore claws you but does no damage.
You block the manticore's attack.
The gargoyle hits you but does no damage.
The deep elf archer hits you but does no damage.
You slash the ettin! You freeze the ettin.
The ettin is almost dead.
You slash the gargoyle! You freeze the gargoyle.
You destroy the gargoyle!
Makhleb accepts your kill.
You feel better.
Your Armour skill increases to level 10!
You hit the manticore. You freeze the manticore. You hit the deep elf archer.
You freeze the deep elf archer. You slash the deep elf archer!
You freeze the deep elf archer.
The ettin hits you with a cursed -1 dire flail!
The ettin hits you with a +0 dire flail!!
The deep elf archer points at you and mumbles some strange words.
You resist with almost no effort. You block the manticore's attack. x2
The manticore barely misses you.
The deep elf archer hits you with a +0 short sword.
You are too injured to fight recklessly!
You are too injured to fight recklessly!
You are too injured to fight recklessly!
You are too injured to fight recklessly!
You are too injured to fight recklessly!
You are too injured to fight recklessly!
You are too injured to fight recklessly!
You are too injured to fight recklessly!
You are too injured to fight recklessly!
You are too injured to fight recklessly!
You are too injured to fight recklessly!
You are too injured to fight recklessly!
You are too injured to fight recklessly!
You are too injured to fight recklessly!
You are too injured to fight recklessly!
You are too injured to fight recklessly!
Your magical essence is drained by the effort!
You feel much better. The ettin hits you but does no damage.
The ettin hits you with a +0 dire flail!!
The deep elf archer blinks!
You block the manticore's attack.
The manticore claws you but does no damage.
The manticore claws you!
The deep elf archer hits you with a +0 short sword!
The ettin hits you with a cursed -1 dire flail.
The ettin hits you with a +0 dire flail!!
* * * LOW HITPOINT WARNING * * *
The deep elf archer gestures at you while chanting.
You resist with almost no effort.
You are too injured to fight recklessly!
You are too injured to fight recklessly!
You are too injured to fight recklessly!
You are too injured to fight recklessly!
You are too injured to fight recklessly!
You are too injured to fight recklessly!
You are too injured to fight recklessly!
You feel much better. The manticore barely misses you.
The manticore claws you but does no damage.
You block the manticore's attack. The deep elf archer barely misses you.
The ettin hits you with a cursed -1 dire flail!!
* * * LOW HITPOINT WARNING * * *
The ettin hits you but does no damage.
The manticore bites you but does no damage.
The manticore completely misses you. The manticore claws you!
* * * LOW HITPOINT WARNING * * *
The deep elf archer blinks!
A demon appears!
You block the ettin's attack. x2; The deep elf archer blinks!
The manticore bites you.
* * * LOW HITPOINT WARNING * * *
The manticore claws you but does no damage. x2
The deep elf archer unwields a +0 short sword.
The deep elf archer wields a +0 shortbow.
The deep elf archer shoots an arrow.
The arrow hits you!
You die...

.......#..# #.#, , * ,,
.......#..# #.#,,, , ,* ,
.....###..# #(# . *
.....#....# #.######+#.. ,
.....#....# #..(........
..)..#....# #..)........ ,
####.#....# #...)[......
..P#.#....#####H)C........
,
'#.#..........3.@)(#......
,,,
.#.#..........§..§...e...#
*
##.#.)......(......#.....#
..P#...........####.###..#
, '###......e....* , #..
..# , .........#####. .#.
.# .##......# .. # . ,
.........#, .* , , ,
###......# ,, , * , ,


You could see an ettin, 2 deep elf archers, a manticore and a friendly neqoxec
(summoned).

Vanquished Creatures
  Jorgrun (D:14)
  Josephine (D:11)
  A yaktaur captain (D:15)
  3 boulder beetles
  Erica (D:9)
  2 centaur warriors
  A catoblepas (D:15)
  A hydra (D:13)
  A two-headed ogre (D:10)
  A tengu warrior (D:12)
  A hell knight (D:15)
  An unseen horror (D:10)
  A flayed ghost (D:15)
  2 orc knights (D:10)
  A deep elf mage (D:15)
  2 cyclopes
  7 ugly things
  2 manticores
  A salamander (shapeshifter) (D:15)
  Psyche (D:9)
  3 gargoyles
  2 efreet
  A centaur skeleton (D:12)
  2 yaktaurs (D:15)
  2 tengu conjurers (D:15)
  Grinder (D:6)
  3 trolls
  5 slime creatures (D:13)
  Prince Ribbit (D:5)
  A vampire (D:10)
  A shadow (D:15)
  9 wraiths
  7 yaks (D:10)
  3 hogs (D:14)
  A wyvern (D:13)
  Grum (D:11)
  Menkaure (Ossuary)
  A steam dragon (D:11)
  An acid dragon (D:15)
  8 orc warriors
  2 ice beasts
  A black bear (D:7)
  5 sky beasts
  A phantom (D:10)
  2 necrophages
  4 ogres
  4 wolves (D:11)
  7 centaurs
  A boggart (D:15)
  13 bullfrogs
  3 big kobolds
  2 gnoll sergeants (D:7)
  A wyvern zombie (D:11)
  6 scorpions
  2 wyvern skeletons
  7 wights
  3 howler monkeys
  2 quasits
  4 centaur zombies
  5 hounds
  3 jellies
  2 bullfrog skeletons
  11 orc priests
  6 iguanas
  4 orc wizards
  4 worker ants
  An ogre zombie (Ossuary)
  A hound zombie (D:7)
  2 hound skeletons
  5 mummies (Ossuary)
  8 gnolls (D:7)
  A howler monkey skeleton (D:11)
  12 adders
  3 shadow imps
  2 white imps
  3 ufetubi
  An ooze (D:5)
  An adder skeleton (D:4)
  A worm (D:4)
  2 dart slugs
  3 leopard geckos
  40 orcs
  3 bats
  3 giant cockroaches
  A gnoll zombie (Ossuary)
  6 goblins
  A hobgoblin (D:3)
  13 jackals
  15 kobolds
  6 quokkas
  4 frilled lizards
  2 goblin zombies (D:4)
  2 hobgoblin zombies (Ossuary)
  2 kobold zombies (Ossuary)
  An orc zombie (Ossuary)
  2 quokka zombies
  2 rats
  3 rat zombies (Ossuary)
343 creatures vanquished.

Vanquished Creatures (collateral kills)
  Kirke (D:14)
  A meliai zombie (D:14)
2 creatures vanquished.

Vanquished Creatures (others)
  4 fungi (D:8)
  6 plants
10 creatures vanquished.

Grand Total: 355 creatures vanquished

Notes
Turn   | Place    | Note
-------+----------+-------------------------------------------
     0 | D:1      | EnegeticOcto the Deep Dwarf Fighter began the quest for the
                  | Orb.
     0 | D:1      | Reached XP level 1. HP: 20/20 MP: 1/1
   181 | D:2      | Reached XP level 2. HP: 22/27 MP: 2/2
   503 | D:3      | Found a burning altar of Makhleb.
   517 | D:3      | Reached skill level 3 in Axes
   517 | D:3      | Reached XP level 3. HP: 26/33 MP: 3/3
   522 | D:3      | Became a worshipper of Makhleb the Destroyer
   613 | D:3      | Noticed a bullfrog
   619 | D:3      | Killed a bullfrog
   619 | D:3      | Reached skill level 1 in Invocations
   619 | D:3      | Reached XP level 4. HP: 25/42 MP: 3/5
  1303 | D:4      | Reached XP level 5. HP: 35/49 MP: 6/6
  1333 | D:4      | Noticed an ogre
  1340 | D:4      | Reached * piety under Makhleb
  1340 | D:4      | Reached skill level 4 in Axes
  1345 | D:4      | Killed an ogre
  1345 | D:4      | Reached XP level 6. HP: 37/56 MP: 7/7
  1612 | D:4      | Found a sand-covered staircase.
  1620 | Ossuary  | Entered an ossuary
  1732 | Ossuary  | Noticed Menkaure
  1752 | Ossuary  | Killed Menkaure
  1752 | Ossuary  | Reached skill level 5 in Axes
  1752 | Ossuary  | Reached XP level 7. HP: 47/63 MP: 7/7
  2001 | D:5      | Entered Level 5 of the Dungeon
  2055 | D:5      | Reached ** piety under Makhleb
  2081 | D:5      | Reached skill level 5 in Armour
  2081 | D:5      | Reached skill level 5 in Shields
  2146 | D:5      | Noticed Prince Ribbit
  2239 | D:5      | Found a staircase to the Ecumenical Temple.
  2318 | D:5      | Killed Prince Ribbit
  2318 | D:5      | Reached skill level 6 in Axes
  2318 | D:5      | Reached XP level 8. HP: 57/73 MP: 7/7
  2521 | D:5      | Found a runed translucent door.
  2525 | D:5      | Found a basalt altar of Yredelemnul.
  2599 | D:6      | Noticed Grinder
  2631 | D:6      | Killed Grinder
  2631 | D:6      | Reached skill level 5 in Invocations
  2661 | D:6      | Reached skill level 7 in Axes
  2777 | D:6      | Found a blossoming altar of Fedhas.
  2788 | D:6      | Noticed an oklob plant
  3135 | D:7      | Reached skill level 13 in Axes
  3135 | D:7      | Gained mutation: You passively map the area around you.
                  | [Deep Dwarf growth]
  3135 | D:7      | Reached XP level 9. HP: 67/80 MP: 9/9
  3153 | D:7      | Reached skill level 5 in Fighting
  3276 | D:7      | Reached skill level 14 in Axes
  3280 | D:7      | Reached *** piety under Makhleb
  3342 | D:7      | Reached XP level 10. HP: 45/88 MP: 10/10
  3605 | D:7      | Found a white marble altar of Elyvilon.
  4335 | D:8      | Found a staircase to the Lair.
  4856 | D:9      | Noticed Psyche
  4861 | D:9      | Killed Psyche
  4897 | D:9      | Noticed Erica
  4908 | D:9      | Killed Erica
  5000 | D:9      | Reached **** piety under Makhleb
  5354 | D:10     | Entered Level 10 of the Dungeon
  5424 | D:10     | Found a roughly hewn altar of Beogh.
  5424 | D:10     | Found a staircase to the Orcish Mines.
  5424 | D:10     | Noticed an orc knight
  5425 | D:10     | Noticed an orc knight
  5466 | D:10     | Killed an orc knight
  5480 | D:10     | Reached XP level 11. HP: 88/97 MP: 10/10
  5486 | D:10     | Killed an orc knight
  5738 | D:10     | Noticed a boulder beetle
  5741 | D:10     | Reached ***** piety under Makhleb
  5783 | D:10     | Killed a boulder beetle
  5783 | D:10     | Reached skill level 15 in Axes
  5908 | D:10     | Noticed a two-headed ogre
  5916 | D:10     | Killed a two-headed ogre
  5939 | D:10     | Killed an unseen horror
  6545 | D:11     | Noticed Josephine
  6557 | D:11     | Killed Josephine
  6685 | D:11     | Reached XP level 12. HP: 92/106 MP: 11/11
  6900 | D:11     | Noticed Grum
  6921 | D:11     | Killed Grum
  7225 | D:12     | Found Ucsaupya's Assorted Antiques.
  7228 | D:12     | Bought a scroll of magic mapping for 77 gold pieces
  7228 | D:12     | Bought a shiny tourmaline ring for 110 gold pieces
  7228 | D:12     | Bought a scroll of blinking for 165 gold pieces
  7442 | D:12     | Noticed a centaur warrior
  7455 | D:12     | Killed a centaur warrior
  7977 | D:12     | Noticed a tengu warrior
  7998 | D:12     | Killed a tengu warrior
  7998 | D:12     | Reached skill level 16 in Axes
  7998 | D:12     | Reached skill level 1 in Evocations
  8117 | D:13     | Noticed a four-headed hydra
  8123 | D:13     | Killed a seven-headed hydra
  8148 | D:13     | Reached skill level 10 in Invocations
  8216 | D:14     | Noticed a boulder beetle
  8221 | D:14     | Noticed a boulder beetle
  8255 | D:14     | Killed a boulder beetle
  8262 | D:14     | Killed a boulder beetle
  8267 | D:14     | Noticed Kirke
  8278 | D:14     | Killed Kirke
  8292 | D:14     | Noticed Jorgrun
  8304 | D:14     | Killed Jorgrun
  8309 | D:15     | Entered Level 15 of the Dungeon
  8413 | D:15     | Noticed a yaktaur captain
  8413 | D:15     | Noticed a centaur warrior
  8422 | D:15     | Killed a yaktaur captain
  8422 | D:15     | Reached XP level 13. HP: 111/117 MP: 13/13
  8593 | D:15     | Reached skill level 5 in Evocations
  8629 | D:15     | Noticed an ettin
  8670 | D:15     | Reached skill level 10 in Armour
  8673 | D:15     | HP: 2/118 [manticore (2)]
  8673 | D:15     | Shot with an arrow by a deep elf archer

Illustrated notes

Levels and vault maps discovered:
D:1:      ncdulo_watergridlock, layout_rooms, nrook_mini_vaults, chequers_avenue
D:2:      layout_loops_ring, nicolae_tso_swordbearing_angel
D:3:      layout_basic, bloody_makhleb
D:4:      layout_rooms, enter_ossuary_4
D:5:      layout_rooms, minmay_temple_entry_overgrown, dk_yredelemnul_ordeal,
          uniq_prince_ribbit1
D:6:      layout_gridville, tgw_fedhas, uniq_grinder
D:7:      layout_basic, minmay_fountain_box,
          hangedman_abyss_or_decor_lesser_grid, kb_lookout_dungeons_type,
          elyvilon_altar_5
D:8:      layout_basic, grunt_lair_entry_orc_guard_hut,
          kennysheep_generic_room_5
D:9:      layout_long_grid, hangedman_abyss_or_decor_clamps, uniq_psyche,
          uniq_erica
D:10:     kennysheep_windowed_halls, layout_irregular_city, david_orc_5
D:11:     layout_irregular_city, uniq_grum, uniq_josephine
D:12:     layout_basic, serial_shops, nicolae_shop_behind_doors
D:13:     layout_irregular_city, david_vaults_4,
          nicolae_qazlal_eye_of_the_storm, uniq_sonja
D:14:     layout_long_grid, nrook_uturn, uniq_kirke, uniq_jorgrun
D:15:     hangedman_depths_entry_civil_slaughter, layout_irregular_city,
          minmay_shattered_shrine

Skill      XL: |  1  2  3  4  5  6  7  8  9 10 11 12 13 |
---------------+----------------------------------------+-----
Axes           | 3 4 5 6 13 14 15 16 | 16.0
Fighting       | 3 4 5 6 8 |  8.5
Invocations    | 1 2 3 4 5 7 8 11 12 | 12.2
Armour         | 4 5 6 7 8 9 10 | 10.0
Shields        | 4 5 6 7 8 9 |  9.9
Evocations     | 4 5 |  5.6

Action                   |  1- 3 |  4- 6 |  7- 9 | 10-12 | 13-15 || total
-------------------------+-------+-------+-------+-------+-------++-------
Melee: War axe           |    89 |   119 |   243 |   714 |   120 ||  1285
Invok: Lesser Servant of |       |       |       |     5 |     3 ||     8
 Abil: Heal Wounds       |       |    12 |    15 |     9 |    13 ||    49
Evoke: Wand              |       |       |     2 |     9 |       ||    11
  Use: Scroll            |       |       |    18 |    12 |       ||    30
       Potion            |       |       |     1 |       |       ||     1
 Stab: Petrified         |       |       |       |       |    15 ||    15
       Petrifying        |       |       |       |       |     3 ||     3
Armor: Scale mail        |    38 |    62 |   112 |    23 |       ||   235
       Chain mail        |       |       |       |   152 |       ||   152
       Plate armour      |       |       |       |   157 |   111 ||   268
Dodge: Dodged            |    25 |    62 |    84 |   124 |    56 ||   351
Block: Kite shield       |    57 |    84 |   157 |   313 |   108 ||   719

Table legend: (Time is in decaauts)
 A = Elapsed time spent in this place.
 B = Non-inter-level travel time spent in this place.
 C = Inter-level travel time spent in this place.
 D = Time resting spent in this place.
 E = Time spent auto-exploring this place.
 F = Levels seen in this place.
 G = Mean time per level.
                   A        B        C        D        E       F      G
               +--------+--------+--------+--------+--------+-----+--------+
         Total |   8642 |   8177 |    465 |     28 |   5789 |  16 |  540.1 |
       Dungeon |   8395 |   7930 |    465 |     28 |   5709 |  15 |  559.7 |
       Ossuary |    246 |    246 |      0 |      0 |     80 |   1 |  246.0 |
               +--------+--------+--------+--------+--------+-----+--------+

Top non-repeatable levels by time:
    D:10: 1056 daAuts
     D:3: 1014 daAuts
    D:12: 952 daAuts
     D:7: 887 daAuts
     D:8: 672 daAuts
    D:11: 669 daAuts
     D:9: 643 daAuts
     D:4: 573 daAuts
     D:5: 568 daAuts
     D:6: 532 daAuts
    D:15: 339 daAuts
 Ossuary: 246 daAuts
     D:2: 189 daAuts
     D:1: 121 daAuts
    D:13: 89 daAuts
